 Dungeon Sprint DCSS version 0.24-a0-778-g74da537585 (webtiles) character file.

Game seed: 13410201420036122682, levelgen mode: deterministic

4567 Conn the Eclecticist (level 10, -10/51 HPs)
             Began as a Deep Elf Fire Elementalist on Oct 6, 2019.
             Was a High Priest of Sif Muna.
             Mangled by a sun demon (13 damage)
             ... summoned by the player character
             ... in the Dungeon (Sprint IV: "Fedhas' Mad Dash").
             The game lasted 00:19:55 (3033 turns).

Conn the Eclecticist (Deep Elf Fire Elementalist)   Turns: 3033, Time: 00:19:56

Health: -10/51     AC:  2    Str:  5    XL:     10   Next: 18%
Magic:  25/31      EV: 16    Int: 24    God:    Sif Muna [*****.]
Gold:   134        SH:  5    Dex: 15    Spells: 8/40 levels left

rFire    . . .     SeeInvis .   h - +0 short sword
rCold    . . .     Gourm    .   e - +1 buckler {reflect}
rNeg     . . .     Faith    .   a - +0 robe
rPois    .         Spirit   .   (no helmet)
rElec    .         Reflect  +   (no cloak)
rCorr    .         Harm     .   (no gloves)
MR       +....     NoTele   +   (no boots)
Stlth    +++.......             d - amulet of invisibility {+Inv}
HPRegen  0.17/turn              (no ring)
MPRegen  0.22/turn              (no ring)

@: slightly contaminated
A: no striking features
a: Channel Magic, Forget Spell, Divine Exegesis, Renounce Religion, Evoke
Invisibility


You were in the Dungeon.
You worshipped Sif Muna.
Sif Muna was extremely pleased with you.
You were very hungry.

You visited 1 branch You collected 249 gold pieces.
You spent 115 gold pieces at shops.

Inventory:

Hand Weapons
 h - a +0 short sword (weapon)
Armour
 a - a +0 robe (worn)
 e - a +1 buckler of reflection (worn)
Jewellery
 d - the amulet of invisibility (around neck) {+Inv}
   (You found it in the Dungeon)

   [amulet of nothing]

   It lets you turn invisible.
 k - an uncursed amulet of faith {unknown}
Potions
 f - a potion of haste
 g - a potion of magic
Miscellaneous
 b - a phantom mirror
Comestibles
 c - 2 rations


   Skills:
 + Level 0.8 Fighting
 + Level 1.5 Short Blades
 + Level 7.2 Dodging
 - Level 5.8 Stealth
 + Level 2.4 Shields
 + Level 15.6 Spellcasting
 + Level 11.3 Conjurations
 * Level 6.5 Summonings
 + Level 4.6 Translocations
 + Level 14.0 Fire Magic
 * Level 4.1 Invocations
 + Level 5.0 Evocations


You had 8 spell levels left.
You knew the following spells:

 Your Spells              Type           Power        Failure   Level  Hunger
a - Flame Tongue          Conj/Fire      #####        1%          1    None
b - Conjure Flame         Conj/Fire      ######..     1%          3    None
c - Inner Flame           Hex/Fire       ######..     1%          3    None
d - Sticky Flame          Conj/Fire      ######..     1%          4    None
e - Fireball              Conj/Fire      ######....   1%          5    ##.....
f - Summon Demon          Summ           ######....   7%          5    ##.....
g - Recall                Summ/Tloc      N/A          1%          3    None
h - Summon Forest         Summ/Tloc      #####.....   10%         5    ##.....
i - Summon Guardian Gole  Hex/Summ       ####....     2%          3    None

Your spell library contained the following spells:

 Spells                   Type           Power        Failure   Level  Hunger
 Call Imp                 Summ           ######..     1%          2    None
 Throw Flame              Conj/Fire      ######       1%          2    None
 Gell's Gravitas          Tloc           #####.....   1%          3    None
 Confusing Touch          Hex            ###...       3%          1    None
 Aura of Abjuration       Summ           ######....   7%          5    ##.....
 Confuse                  Hex            ###.....     11%         3    None
 Vampiric Draining        Necr           ###.......   11%         3    None
 Summon Mana Viper        Hex/Summ       ####....     26%         5    ##.....
 Petrify                  Tmut/Erth      ###.....     34%         4    None
 Shadow Creatures         Summ           N/A          36%         6    ####...
 Metabolic Englaciation   Hex/Ice        ###.......   69%         5    ##.....
 Yara's Violent Unravell  Hex/Tmut       ###.......   69%         5    ##.....
 Summon Hydra             Summ           ######....   90%         7    ######.
 Malign Gateway           Summ/Tloc      #####.....   96%         7    ######.
 Haunt                    Necr/Summ      ####......   100%        7    ######.
 Dragon's Call            Summ           ######....   100%        9    #######


Dungeon Overview and Level Annotations

Branches:
Dungeon (1/1)

Altars:
Cheibriados
Dithmenos
Elyvilon
Gozag
Hepliaklqana
Kikubaaqudgha
Makhleb
Nemelex Xobeh
Okawaru
Qazlal
Ru
Sif Muna
Trog
Uskayaw
Vehumet
Wu Jian
Xom
Yredelemnul
Zin
The Shining One
Beogh
Jiyva
Lugonu

Shops:
D *%?:


Message History

The spriggan defender hits your chaos spawn with a +2 rapier of protection!!
Your chaos spawn dies!
Your chaos spawn degenerates into a cloud of primal chaos!
You see here a phial of floods.
You feel much better.
Your hellwing misses the spriggan defender.
The spriggan defender blocks your hellwing's attack.
The sun demon hits you.
You are engulfed in flames!!
* * * LOW HITPOINT WARNING * * *
Casting: Recall (safe; 1% risk of failure)
Confirm with . or Enter, or press ? or * to list all spells.
Okay, then.
Unknown command.
Unknown command.
Magic courses through your body.
The spriggan defender is engulfed in seething chaos.
The spriggan defender is jolted!
The sun demon hits you!
* * * LOW HITPOINT WARNING * * *
You are engulfed in flames!
You die...

###♣### ##.+..+
#..#..♣ ##.#♣§#
.3.♣♣)♣#♣♣
#♣#♣.....####
#..♣..♣....###
...♣..)..4♣...♣###
....♣.....§i∩..3@#
####♣#############


You could see a spriggan defender, a sun demon and a friendly hellwing.

Vanquished Creatures
  Agnes (D)
  A spriggan berserker (D)
  3 oklob plants (D)
  A queen bee (D)
  2 burning bushes (D)
  3 wandering mushrooms (D)
  4 killer bees (D)
  2 scorpions (D)
  4 oklob saplings (D)
  A worker ant (D)
  2 spriggans (D)
  A river rat (D)
  A rat (D)
26 creatures vanquished.

Vanquished Creatures (collateral kills)
  A spriggan druid (D)
  An oklob sapling (D)
  A ballistomycete spore (D)
3 creatures vanquished.

Vanquished Creatures (others)
  A snaplasher vine (D)
1 creature vanquished.

Grand Total: 30 creatures vanquished

Notes
Turn   | Place    | Note
-------+----------+-------------------------------------------
     0 | D        | Conn the Deep Elf Fire Elementalist began the quest for the
                  | Orb.
     0 | D        | Reached XP level 1. HP: 10/10 MP: 6/6
    11 | D        | Reached XP level 2. HP: 12/15 MP: 0/8
    62 | D        | Noticed an oklob sapling
    92 | D        | Killed an oklob sapling
    92 | D        | Reached skill level 4 in Spellcasting
    92 | D        | Reached XP level 3. HP: 19/19 MP: 9/11
    95 | D        | Found the amulet of invisibility {+Inv}
   104 | D        | Reached skill level 5 in Spellcasting
   183 | D        | Found an opulent altar of Gozag.
   183 | D        | Found a hazy altar of Hepliaklqana.
   183 | D        | Found a roughly hewn altar of Beogh.
   183 | D        | Found a snail-covered altar of Cheibriados.
   184 | D        | Found a viscous altar of Jiyva.
   184 | D        | Found a burning altar of Makhleb.
   184 | D        | Found a sparkling altar of Nemelex Xobeh.
   184 | D        | Found a sacrificial altar of Ru.
   184 | D        | Found a shimmering blue altar of Sif Muna.
   184 | D        | Found a bloodstained altar of Trog.
   184 | D        | Found an ornate altar of the Wu Jian Council.
   184 | D        | Found a shimmering altar of Xom.
   184 | D        | Found a basalt altar of Yredelemnul.
   184 | D        | Noticed an oklob sapling priest
   188 | D        | Found an iron altar of Okawaru.
   188 | D        | Found a shadowy altar of Dithmenos.
   188 | D        | Found a glowing silver altar of Zin.
   189 | D        | Found a hide-covered altar of Uskayaw.
   189 | D        | Found an ancient bone altar of Kikubaaqudgha.
   190 | D        | Found a stormy altar of Qazlal.
   190 | D        | Found a glowing golden altar of the Shining One.
   190 | D        | Found a white marble altar of Elyvilon.
   191 | D        | Found a radiant altar of Vehumet.
   191 | D        | Found a corrupted altar of Lugonu.
   196 | D        | Became a worshipper of Sif Muna the Loreminder
   200 | D        | Killed an oklob sapling priest
   200 | D        | Reached skill level 6 in Spellcasting
   200 | D        | Reached XP level 4. HP: 24/24 MP: 3/14
   208 | D        | Learned a level 3 spell: Conjure Flame
   212 | D        | Learned a level 3 spell: Inner Flame
   217 | D        | Learned a level 4 spell: Sticky Flame
   484 | D        | Reached skill level 1 in Evocations
   484 | D        | Reached XP level 5. HP: 28/28 MP: 8/16
   503 | D        | Learned a level 5 spell: Fireball
   522 | D        | Reached * piety under Sif Muna
   522 | D        | Reached skill level 5 in Dodging
   613 | D        | Reached skill level 7 in Spellcasting
   617 | D        | Reached skill level 5 in Stealth
   620 | D        | Reached ** piety under Sif Muna
   620 | D        | Reached skill level 8 in Spellcasting
   674 | D        | Found Nacwie's Food Shop.
   674 | D        | Found Batema's General Store.
   680 | D        | Bought a potion of heal wounds for 55 gold pieces
   733 | D        | Noticed a burning bush
   733 | D        | Noticed a wandering mushroom
   744 | D        | Killed a wandering mushroom
   744 | D        | Reached skill level 10 in Spellcasting
   744 | D        | Reached skill level 5 in Conjurations
   744 | D        | Reached skill level 10 in Fire Magic
   744 | D        | Reached XP level 6. HP: 33/33 MP: 8/21
   821 | D        | Noticed a wandering mushroom
  1093 | D        | Reached XP level 7. HP: 34/37 MP: 14/22
  1097 | D        | Killed a wandering mushroom
  1097 | D        | Reached skill level 11 in Spellcasting
  1558 | D        | Bought a ration for 60 gold pieces
  1590 | D        | Noticed a queen bee
  1596 | D        | Reached *** piety under Sif Muna
  1768 | D        | Killed a queen bee
  1768 | D        | Reached skill level 1 in Shields
  1768 | D        | Reached skill level 12 in Spellcasting
  1768 | D        | Reached XP level 8. HP: 42/42 MP: 17/26
  1816 | D        | Killed an oklob plant
  1816 | D        | Reached **** piety under Sif Muna
  1816 | D        | Reached skill level 13 in Spellcasting
  1899 | D        | Noticed a burning bush
  1914 | D        | Killed a burning bush
  2071 | D        | Learned a level 5 spell: Summon Demon
  2075 | D        | Learned a level 3 spell: Recall
  2081 | D        | Learned a level 5 spell: Summon Forest
  2083 | D        | Noticed a burning bush
  2083 | D        | Noticed an oklob plant
  2089 | D        | Killed a burning bush
  2089 | D        | Reached skill level 1 in Summonings
  2089 | D        | Reached skill level 1 in Translocations
  2089 | D        | Reached XP level 9. HP: 18/46 MP: 2/28
  2276 | D        | Noticed a wandering mushroom
  2286 | D        | Killed a wandering mushroom
  2337 | D        | Killed an oklob plant
  2337 | D        | Reached skill level 14 in Spellcasting
  2337 | D        | Reached skill level 10 in Conjurations
  2798 | D        | Noticed a spriggan druid
  2800 | D        | Killed a spriggan druid
  2800 | D        | Reached ***** piety under Sif Muna
  2811 | D        | Noticed an oklob plant conjurer
  2831 | D        | Killed an oklob plant conjurer
  2831 | D        | Identified Sif Muna's Catalogue of Lethal Calling (Sif Muna
                  | gifted it to you in the Dungeon)
  2831 | D        | Received a gift from Sif Muna
  3000 | D        | Learned a level 3 spell: Summon Guardian Golem
  3004 | D        | Noticed Agnes
  3006 | D        | Found Oniwn's Magic Scroll Emporium.
  3006 | D        | Noticed a spriggan berserker
  3008 | D        | Found Xishreg's Book Shoppe.
  3013 | D        | Killed Agnes
  3013 | D        | Reached skill level 1 in Short Blades
  3013 | D        | Reached skill level 15 in Spellcasting
  3013 | D        | Reached skill level 5 in Summonings
  3013 | D        | Reached XP level 10. HP: 51/51 MP: 10/31
  3016 | D        | Noticed a death yak
  3016 | D        | Noticed a spriggan defender
  3020 | D        | Killed a spriggan berserker
  3020 | D        | Reached skill level 5 in Evocations
  3026 | D        | Noticed a sun demon
  3033 | D        | Mangled by a sun demon

Levels and vault maps discovered:
D:        dungeon_sprint_fedhas [sprint_temple]

Skill      XL: |  1  2  3  4  5  6  7  8  9 10 |
---------------+-------------------------------+-----
Dodging        | 3 4 5 6 7 |  7.2
Fire Magic     | 4 6 7 8 10 12 13 14 | 14.0
Stealth        | 3 4 5 |  5.8
Spellcasting   | 4 6 10 12 13 15 | 15.6
Conjurations   | 2 5 7 9 11 | 11.3
Evocations     | 1 3 4 5 |  5.0
Shields        | 1 2 |  2.4
Summonings     | 1 5 6 |  6.5
Translocations | 1 4 |  4.6
Short Blades   | 1 |  1.5
Invocations    | 3 4 |  4.1
Fighting       | |  0.8

Action                   |  1- 3 |  4- 6 |  7- 9 | 10-12 || total
-------------------------+-------+-------+-------+-------++-------
Melee: Unarmed           |     2 |       |       |       ||     2
       Short sword       |       |       |     3 |       ||     3
 Cast: Flame Tongue      |    18 |    39 |    22 |       ||    79
       Fireball          |       |     2 |    30 |       ||    32
       Conjure Flame     |       |     1 |     1 |     2 ||     4
       Sticky Flame      |       |       |     6 |       ||     6
       Summon Demon      |       |       |     2 |     4 ||     6
       Summon Forest     |       |       |     1 |       ||     1
       Recall            |       |       |       |     1 ||     1
Invok: Channel Magic     |       |       |       |     1 ||     1
 Abil: Evoke Invisibilit |     1 |     1 |     1 |       ||     3
  Use: Potion            |     3 |       |       |     2 ||     5
       Scroll            |       |       |       |     2 ||     2
 Stab: Sleeping          |       |       |     1 |       ||     1
  Eat: Chunk             |       |     1 |       |       ||     1
       Ration            |       |       |     3 |       ||     3
Armor: Robe              |     2 |       |       |       ||     2
Dodge: Dodged            |     9 |     5 |    12 |     1 ||    27
Block: Buckler           |       |       |     3 |       ||     3
       Reflection        |       |       |     1 |       ||     1

Table legend:
 A = Non-vault XP
 B = Vault XP
 C = Vault XP percentage of total XP
 D = Non-vault monster count
 E = Vault monster count
 F = Vault count percentage of total count
                 A         B        C        D         E       F
            +---------+---------+-------+---------+---------+-------
      Total |       0 |    6525 | 100.0 |       0 |      28 | 100.0
            +---------+---------+-------+---------+---------+-------
          D |       0 |    6525 | 100.0 |       0 |      28 | 100.0
            +---------+---------+-------+---------+---------+-------
